 Dungeon Crawl Stone Soup version 0.17-a0-1945-gfe993df (webtiles) character file.

7725 Kuldar the Cleaver (level 11, -14/153 HPs)
             Began as a Deep Dwarf Berserker on Oct 1, 2015.
             Was a Priest of Trog.
             Hit by a large rock thrown by a cyclops (27 damage)
             ... on level 11 of the Dungeon.
             The game lasted 00:33:27 (8697 turns).

Kuldar the Cleaver (Deep Dwarf Berserker)           Turns: 8697, Time: 00:33:28

Health: -14/153    AC: 12    Str: 36    XL:     11   Next: 0%
Magic:  11/11      EV: 15    Int:  8    God:    Trog [***...]
Gold:   178        SH:  7    Dex: 12    Spells: 0 memorised, 10 levels left

rFire  + . .     SeeInvis .     a - +1 hand axe
rCold  . . .     Clarity  .     N - +1 ring mail {rF+}
rNeg   . . .     SustAt   .     G - +2 buckler of Puojad {Str+2}
rPois  .         Gourm    .     n - +0 helmet
rElec  .         Spirit   .     H - +2 cloak
rCorr  .         Warding  .     (no gloves)
rMut   .         Stasis   .     (no boots)
MR     ++++.                    (no amulet)
Stlth  ..........               l - +5 ring of strength
                                L - ring of protection from magic

@: berserking, non-regenerating, very quick, incredibly resistant to hostile
enchantments, extremely unstealthy
A: damage resistance, recharge devices, sense surroundings 2, slow healing 3
a: Device Recharging, Burn Spellbooks, Berserk, Trog's Hand, Renounce Religion


You were on level 11 of the Dungeon.
You worshipped Trog.
Trog was most pleased with you.
You were hungry.

You visited 1 branch of the dungeon, and saw 11 of its levels.
You also visited: Sewer.

You collected 574 gold pieces.
You spent 396 gold pieces at shops.

Inventory:

Hand weapons
 a - a +1 hand axe (weapon)
 T - a +2 falchion of flaming
Armour
 n - a +0 helmet (worn)
 G - the +2 buckler of Puojad (worn) {Str+2}
   (You found it on level 5 of the Dungeon)

   It affects your strength (+2).
 H - a +2 cloak (worn)
 M - a +3 leather armour
 N - a +1 ring mail of fire resistance (worn)
Jewellery
 l - a +5 ring of strength (right hand)
 t - an uncursed amulet of guardian spirit {unknown}
 L - a ring of protection from magic (left hand)
 S - an uncursed ring of ice {unknown}
Magical devices
 b - a wand of cold (7)
 c - a wand of heal wounds (9)
 s - a wand of magic darts (24)
 y - a wand of flame (18)
 O - a wand of magic darts (28)
 P - a wand of polymorph (7)
 U - a wand of teleportation (7)
Scrolls
 e - 12 scrolls of identify
 f - 8 scrolls of remove curse
 i - a scroll of fear {unknown}
 j - 6 scrolls of teleportation
 u - 2 scrolls of immolation
 v - 2 scrolls of random uselessness
 x - a scroll of fog
 z - 2 scrolls of magic mapping
 A - a scroll of recharging
 C - a scroll of amnesia
 D - 4 scrolls of enchant armour
 I - a scroll of summoning
 Q - a scroll of silence {unknown}
Potions
 g - a potion of agility {unknown}
 k - 2 potions of brilliance
 m - a potion of resistance
 o - 4 potions of curing
 p - 3 potions of heal wounds
 q - 2 potions of might
 r - a potion of lignification
 w - a potion of ambrosia
 B - a potion of magic
 J - a potion of haste {unknown}
 K - 2 potions of flight
Comestibles
 d - 6 bread rations
 h - 8 meat rations
 E - 13 fruits
 R - 7 slices of pizza


   Skills:
 * Level 7.7 Fighting
 * Level 9.4 Axes
 * Level 8.9 Armour
 * Level 8.7 Dodging
 * Level 7.1 Shields


You had 10 spell levels left.
You didn't know any spells.

Dungeon Overview and Level Annotations

Branches:
Dungeon (11/15)              Lair (0/8) D:8
 Temple: D:4-7          Orc: D:9-12

Altars:
Cheibriados
Dithmenos
Elyvilon
Gozag
Kikubaaqudgha
Makhleb
Nemelex Xobeh
Okawaru
Trog
Vehumet
The Shining One

Shops:
D:8 ?

Annotations:
D:11 Lizzurd's ghost, powerful DrCj


Innate Abilities, Weirdness & Mutations

You are resistant to damage.
You can recharge devices by infusing magical energy.
You passively map the area around you.
You do not heal naturally.


Message History

Found a golden potion.
The cyclops throws a large rock.
The large rock barely misses you.
Use which ability?
Your skin crawls.
You feel resistant to hostile enchantments.
You feel slightly more hungry.
The cyclops throws a large rock.
The large rock hits you!!
* * * LOW HITPOINT WARNING * * *
You see here a large rock.
Use which ability?
Okay, then.
The cyclops throws a large rock.
The large rock hits you!!
* * * LOW HITPOINT WARNING * * *
You see here a large rock.
Use which ability?
A red film seems to cover your vision as you go berserk!
You feel yourself moving faster!
You feel mighty!
You feel somewhat more hungry.
The cyclops throws a large rock.
The large rock hits you!!
You die...

.# ,* * , , , .# ,* .# *
* .# , , *** .# , , * ,,
, .# * * * * * .# ,, , ,
,
.#######################
............(..(@.C!....
, ,
########################


You could see a cyclops.

Vanquished Creatures
  A hydra (D:9)
  Erica (D:8)
  The ghost of haldagan the Agent of Entropy, an experienced CeAs of Lugonu (D:9)
  A hill giant (D:9)
  Pikel (D:8)
  A wyvern (D:8)
  A troll (D:9)
  3 yaks
  2 hungry ghosts (D:8)
  A deep elf fighter (D:8)
  Duvessa (D:7)
  An orc warrior (D:8)
  The ghost of Lysie the Sneak, an average SpAs (Sewer)
  A wasp (D:10)
  A black bear (D:7)
  A phantom (D:9)
  A slave (D:8)
  A crocodile (D:8)
  7 giant frogs
  2 ogres
  2 centaurs
  3 big kobolds (D:9)
  Dowan (D:7)
  A water moccasin zombie (D:8)
  A scorpion (D:5)
  5 killer bees (D:9)
  2 crimson imps
  2 jellies
  5 hounds
  A giant frog zombie (D:6)
  Ijyb (D:2)
  2 centaur zombies (D:8)
  4 orc priests
  4 iguanas
  7 worker ants
  6 orc wizards
  2 sheep (D:9)
  A hound zombie (D:7)
  A hound skeleton (D:8)
  A worker ant zombie (D:5)
  9 adders
  4 gnolls (D:8)
  5 river rats
  3 oozes
  An adder skeleton (D:4)
  4 worms
  28 orcs
  9 goblins
  7 hobgoblins
  18 jackals
  3 quokkas
  19 ball pythons
  16 bats
  6 giant cockroaches
  8 giant geckos
  A giant gecko zombie (D:7)
  6 giant newts
  8 kobolds
  A quokka zombie (D:7)
  41 rats
  A plant (D:8)
280 creatures vanquished.

Vanquished Creatures (others)
  A cyclops (D:11)
  A slave (D:8)
  An orc wizard (D:6)
  An adder (D:8)
  3 bats (D:8)
  A fulminant prism (D:11)
  A fungus (D:8)
  A plant (D:8)
10 creatures vanquished.

Grand Total: 290 creatures vanquished

Notes
Turn   | Place    | Note
--------------------------------------------------------------
     0 | D:1      | Kuldar the Deep Dwarf Berserker began the quest for the Orb.
     0 | D:1      | Reached XP level 1. HP: 20/20 MP: 1/1
   309 | D:1      | Reached XP level 2. HP: 13/27 MP: 2/2
   889 | D:2      | Reached XP level 3. HP: 15/34 MP: 3/3
   993 | D:2      | Acquired Trog's second power
  1224 | D:2      | Found an opulent altar of Gozag.
  1546 | D:2      | Noticed Ijyb
  1571 | D:2      | Killed Ijyb
  1571 | D:2      | Reached skill level 4 in Axes
  1571 | D:2      | Reached XP level 4. HP: 29/42 MP: 4/4
  1605 | D:2      | Found a snail-covered altar of Cheibriados.
  1916 | D:3      | Found a shadowy altar of Dithmenos.
  2098 | D:3      | Reached XP level 5. HP: 38/50 MP: 5/5
  2280 | D:3      | Found a glowing drain.
  2286 | Sewer    | Entered a sewer
  2482 | Sewer    | Noticed Lysie's ghost (average SpAs)
  2496 | Sewer    | Killed Lysie's ghost
  2496 | Sewer    | Reached XP level 6. HP: 47/57 MP: 6/6
  2597 | Sewer    | Received a gift from Trog
  2625 | Sewer    | Reached skill level 5 in Axes
  3216 | D:4      | Found a bloodstained altar of Trog.
  3285 | D:4      | Reached XP level 7. HP: 53/64 MP: 7/7
  4094 | D:5      | Entered Level 5 of the Dungeon
  4111 | D:5      | Found a white marble altar of Elyvilon.
  4129 | D:5      | Reached skill level 5 in Dodging
  4160 | D:5      | Got a faintly glowing buckler
  4166 | D:5      | Identified the +2 buckler of Puojad {Str+2} (You found it on level 5 of the Dungeon)
  4299 | D:5      | Reached skill level 5 in Armour
  4384 | D:5      | Reached skill level 1 in Shields
  4624 | D:5      | Found a burning altar of Makhleb.
  4757 | D:6      | Reached skill level 6 in Axes
  4757 | D:6      | Reached XP level 8. HP: 36/73 MP: 8/8
  5025 | D:6      | Reached skill level 5 in Fighting
  5504 | D:7      | Noticed Duvessa
  5504 | D:7      | Noticed Dowan
  5633 | D:7      | Found an iron altar of Okawaru.
  5887 | D:7      | Killed Duvessa
  5893 | D:7      | Killed Dowan
  6227 | D:7      | Found a glowing golden altar of the Shining One.
  6582 | D:8      | Noticed Pikel
  6628 | D:8      | Killed Pikel
  6628 | D:8      | Reached skill level 7 in Axes
  6628 | D:8      | Gained mutation: You passively map the area around you. [Deep Dwarf growth]
  6628 | D:8      | Reached XP level 9. HP: 59/82 MP: 9/9
  6784 | D:8      | Found Anomiz's Magic Scroll Emporium.
  6928 | D:8      | Reached skill level 5 in Shields
  6954 | D:8      | Bought a scroll of summoning for 123 gold pieces
  6954 | D:8      | Bought a scroll of remove curse for 39 gold pieces
  6954 | D:8      | Bought a scroll of identify for 26 gold pieces
  6954 | D:8      | Bought a scroll of identify for 26 gold pieces
  6954 | D:8      | Bought a scroll of identify for 26 gold pieces
  6954 | D:8      | Bought a scroll of identify for 26 gold pieces
  6954 | D:8      | Bought a scroll of identify for 26 gold pieces
  6954 | D:8      | Bought a scroll of remove curse for 39 gold pieces
  6954 | D:8      | Bought a scroll of identify for 26 gold pieces
  6954 | D:8      | Bought a scroll of teleportation for 39 gold pieces
  7025 | D:8      | Noticed Erica
  7036 | D:8      | Reached skill level 8 in Axes
  7048 | D:8      | Killed Erica
  7048 | D:8      | Reached XP level 10. HP: 39/92 MP: 10/10
  7262 | D:8      | Found a staircase to the Lair.
  7334 | D:8      | Found a sparkling altar of Nemelex Xobeh.
  7646 | D:9      | Noticed a hill giant
  7659 | D:9      | Killed a hill giant
  8172 | D:9      | Noticed a three-headed hydra
  8185 | D:9      | Killed a one-headed hydra
  8185 | D:9      | Reached skill level 9 in Axes
  8354 | D:9      | Noticed haldagan's ghost (experienced CeAs)
  8421 | D:9      | Killed haldagan's ghost
  8422 | D:9      | Found a radiant altar of Vehumet.
  8440 | D:9      | Found an ancient bone altar of Kikubaaqudgha.
  8441 | D:9      | Found a radiant altar of Vehumet.
  8542 | D:10     | Entered Level 10 of the Dungeon
  8602 | D:10     | Paralysed by a wasp for 1 turns
  8627 | D:10     | You fall through a shaft!
  8633 | D:11     | Noticed a cyclops
  8638 | D:11     | Noticed Lizzurd's ghost (powerful DrCj)
  8657 | D:11     | Killed a cyclops
  8657 | D:11     | Reached XP level 11. HP: 51/102 MP: 11/11
  8691 | D:11     | Noticed a cyclops
  8697 | D:11     | Hit by a large rock thrown by a cyclops

Vault maps used:
D:1:      minmay_arrival_four_loops, moated_statue
D:2:      grunt_gozag_breadcrumbs, cheibriados_altar_1, uniq_iyjb
D:3:      nicolae_dithmenos_shadow_blocks, gup_sewer_entry_bubbles
D:4:      lemuel_doored_altar
D:5:      makhleb_heckhound_becter, kennysheep_mini_moat, temple_hall,
          first_bread
D:7:      kennysheep_little_box, tso_altar, uniq_duvessa
D:8:      lemuel_round_altar, grunt_lair_entry_elf_guard_hut, serial_shops,
          shop, uniq_pikel, uniq_erica
D:9:      gammafunk_temple_overflow_wave, basic_altar, hangedman_ranch
D:10:     serial_shops, shop_fountains, minmay_misc_feat_pillars,
          nicolae_blasting_shop
D:11:     basic_altar, uniq_urug, uniq_nergalle
Sewer:    sewer_minmay_w

Action                   |  1- 3 |  4- 6 |  7- 9 | 10-12 || total
-------------------------+-------+-------+-------+-------++-------
Melee: Hand axe          |   143 |   232 |   694 |   227 ||  1296
       Falchion          |       |       |       |   102 ||   102
Invok: Trog's Hand       |     3 |     9 |    25 |    13 ||    50
       Berserk           |       |     2 |     3 |     2 ||     7
       Burn Spellbooks   |       |       |       |     1 ||     1
Evoke: Wand              |     1 |       |       |       ||     1
  Use: Scroll            |       |       |    21 |     1 ||    22
 Stab: Sleeping          |     2 |     2 |     3 |       ||     7
  Eat: Chunk             |     3 |     9 |    22 |     7 ||    41
       Fruit             |       |       |       |     2 ||     2
       Beef jerky        |       |       |       |     1 ||     1
